 Dungeon Crawl Stone Soup version 0.29-a0-821-g66395355a5 (webtiles) character file.

Game seed: 9274847404009743671

2135 vineage the Fighter (level 9, -5/68 HPs)
             Began as a Gargoyle Fighter on July 7, 2022.
             Was a Priest of Okawaru.
             Slain by a manticore (7 damage)
             ... on level 7 of the Dungeon.
             The game lasted 00:06:34 (5346 turns).

vineage the Fighter (Gargoyle Fighter)              Turns: 5346, Time: 00:06:35

Health: -5/68      AC: 19    Str: 24    XL:     9   Next: 30%
Magic:  7/9        EV:  6    Int:  9    God:    Okawaru [***...]
Gold:   412        SH:  4    Dex:  9    Spells: 8/8 levels left

rFire   . . .      SeeInvis .   a - +1 flail
rCold   . . .      Faith    .   c - +0 buckler
rNeg    + . .      Spirit   .   x - +0 plate armour
rPois   ∞          Reflect  .   (no helmet)
rElec   +          Harm     .   y - +0 cloak
rCorr   .          Rampage  .   t - +0 pair of gloves
Will    .....                   s - -2 pair of boots of the Forsaken Moons {Regen+}
Stlth   ..........              g - amulet of regeneration
HPRegen 1.81/turn               (no ring)
MPRegen 0.11/turn               (no ring)

@: mighty
A: sickness immunity, AC +6, negative energy resistance 1, electricity
resistance, torment resistance 1, petrification resistance
a: Renounce Religion, Heroism


You were on level 7 of the Dungeon.
You worshipped Okawaru.
Okawaru was most pleased with you.
You visited 2 branches of the dungeon, and saw 8 of its levels.
You also visited: Sewer.

You collected 412 gold pieces.

Inventory:

Hand Weapons
 a - a +1 flail (weapon)
Armour
 c - a +0 buckler (worn)
 s - the -2 pair of boots of the Forsaken Moons (worn) {Regen+}
   (You found it on level 4 of the Dungeon)

   Regen:     It increases your rate of health regeneration.
 t - a +0 pair of gloves (worn)
 x - a +0 plate armour (worn)
 y - a +0 cloak (worn)
Jewellery
 g - an amulet of regeneration (around neck)
Wands
 b - a wand of flame (4)
 B - a wand of iceblast (13)
 D - a wand of quicksilver (9)
 E - a wand of polymorph (7)
Scrolls
 f - 3 scrolls of enchant armour
 k - 3 scrolls of blinking
 l - 3 scrolls of amnesia
 m - 2 scrolls of fog
 o - 2 scrolls of fear
 q - 3 scrolls of enchant weapon
 v - 2 scrolls of teleportation
 w - 2 scrolls of magic mapping
Potions
 e - a potion of degeneration
 h - 2 potions of attraction {unknown}
 i - a potion of cancellation
 j - 3 potions of heal wounds
 n - a potion of lignification {unknown}
 p - 7 potions of curing
 r - a potion of berserk rage {unknown}
 u - a potion of magic {unknown}
 z - 2 potions of invisibility {unknown}
 A - a potion of flight {unknown}
 C - a potion of mutation {unknown}
 F - a potion of ambrosia {unknown}
 G - 2 potions of resistance {unknown}


   Skills:
 * Level 13.4 Fighting
 - Level 2.0 Maces & Flails
 - Level 3.2 Armour
 - Level 3.2 Shields


You had 8 spell levels left.
You didn't know any spells.
Your spell library contained the following spells:

 Spells                   Type           Power      Damage    Failure   Level
 Petrify                  Tmut/Erth      0%         N/A       100%        4
 Irradiate                Conj/Tmut      0%         3d13      100%        5
 Conjure Ball Lightning   Conj/Air       0%         3x3d6     100%        6
 Discord                  Hex            0%         N/A       100%        8
 Disjunction              Tloc           0%         N/A       100%        8
 Sublimation of Blood     Necr           Unusable   N/A       N/A         2

Dungeon Overview and Level Annotations

Branches:
Dungeon (7/15)             Temple (1/1) D:5           Sewer (visited)

Altars:
Dithmenos
Hepliaklqana
Kikubaaqudgha
Okawaru
Vehumet
The Shining One

Shops:
D:1 :


Innate Abilities, Weirdness & Mutations

You are immune to sickness and miasma.
Your stone body is resilient. (AC +6)
You are immune to poison.
You resist negative energy. (rN+)
You are resistant to electric shocks. (rElec)
You are resistant to unholy torment.
You are immune to petrification.


Message History

The four-headed hydra is severely wounded.
The four-headed hydra bites you but does no damage. x3
The four-headed hydra barely misses you.
You bludgeon the four-headed hydra!!
You kill the four-headed hydra!
Okawaru is honoured by your kill.
Your base Fighting skill gained 2 levels and is now at level 12!
You barely miss the two-headed ogre. The two-headed ogre closely misses you.
The two-headed ogre hits you with a +0 giant club!
You sock the two-headed ogre!
The two-headed ogre is lightly wounded.
You feel like a meek peon again.
The two-headed ogre hits you but does no damage.
The two-headed ogre hits you with a +0 giant club!
You thump the two-headed ogre!
The two-headed ogre is heavily wounded.
You sock the two-headed ogre!
The two-headed ogre is severely wounded.
The two-headed ogre hits you but does no damage.
The two-headed ogre hits you with a +0 giant club!
You sock the two-headed ogre!
You kill the two-headed ogre!
Okawaru is honoured by your kill.
Okawaru will now gift you ammunition as you gain piety.
Your Fighting skill increases to level 13!
You have reached level 9!
Your experience leads to an increase in your attributes!
Increase (S)trength, (I)ntelligence, or (D)exterity?
You feel stronger. x2
You thump the manticore!
The manticore is lightly wounded.
The manticore bites you!
* * * LOW HITPOINT WARNING * * *
The manticore claws you but does no damage.
The manticore claws you.
* * * LOW HITPOINT WARNING * * *
The manticore bites you!
* * * LOW HITPOINT WARNING * * *
You block the manticore's attack. The manticore claws you!
You die...

#................#
################.# #. #.##
#.{### #..# #.D.### ##.#
#...D.# #.# #..$#.# #.#
#BO####.###############.#
#.
#.......H@........########
#....##########..........#
##>..# #####...####....
##.## #..............# #.#
#.###..#...#...# #.. #.#
#.........## #.## #.#
#.##...##.# ... #.#
#.###.###.## ... #.# #.#
#.##.#.#


You could see a manticore.

Vanquished Creatures
  A hydra (D:7)
  A two-headed ogre (D:7)
  A water moccasin (Sewer)
  Pargi (D:4)
  An ogre (D:6)
  A phantom (D:6)
  A necrophage (D:6)
  A scorpion (D:6)
  A howler monkey (D:6)
  3 jellies
  3 hounds
  An orc priest (D:6)
  2 iguanas (D:6)
  An orc wizard (D:5)
  6 adders
  A river rat (D:5)
  A white imp (D:7)
  2 worms
  2 dart slugs
  9 orcs
  3 endoplasms
  5 giant cockroaches
  7 hobgoblins
  3 jackals (D:1)
  8 kobolds
  2 quokkas
  6 ball pythons
  4 bats
  4 frilled lizards
  A goblin (D:2)
  7 rats
90 creatures vanquished.

Notes
Turn   | Place    | Note
-------+----------+-------------------------------------------
     0 | D:1      | vineage the Gargoyle Fighter began the quest for the Orb.
     0 | D:1      | Reached XP level 1. HP: 14/14 MP: 1/1
    74 | D:1      | Reached XP level 2. HP: 20/20 MP: 2/2
   123 | D:1      | Reached skill level 4 in Fighting
   225 | D:1      | Found Upres Pyi's Vocational Training.
   247 | D:1      | Found a faded altar of an unknown god.
   921 | D:2      | Reached XP level 3. HP: 21/24 MP: 3/3
  1028 | D:2      | Reached skill level 5 in Fighting
  1254 | D:2      | Reached XP level 4. HP: 31/31 MP: 4/4
  2702 | D:4      | Reached skill level 6 in Fighting
  2745 | D:4      | Noticed Pargi
  2757 | D:4      | Killed Pargi
  2758 | D:4      | Reached XP level 5. HP: 25/37 MP: 5/5
  2760 | D:4      | Reached skill level 7 in Fighting
  3298 | D:4      | Identified the -2 pair of boots of the Forsaken Moons
                  | {Regen+}
  3683 | D:5      | Entered Level 5 of the Dungeon
  3756 | D:5      | Reached XP level 6. HP: 30/44 MP: 6/6
  3839 | D:5      | Found a staircase to the Ecumenical Temple.
  3881 | Temple   | Entered the Ecumenical Temple
  3915 | Temple   | Became a worshipper of Warmaster Okawaru
  4099 | D:5      | Found a glowing drain.
  4111 | Sewer    | Entered a sewer
  4206 | Sewer    | Noticed a water moccasin
  4219 | Sewer    | Killed a water moccasin
  4220 | Sewer    | Reached skill level 8 in Fighting
  4220 | Sewer    | Reached XP level 7. HP: 47/50 MP: 7/7
  4656 | D:6      | Reached * piety under Okawaru
  4679 | D:6      | Reached skill level 9 in Fighting
  4810 | D:6      | Reached skill level 10 in Fighting
  4814 | D:6      | Reached XP level 8. HP: 55/57 MP: 8/8
  4823 | D:6      | Reached ** piety under Okawaru
  4871 | D:6      | Found an ancient bone altar of Kikubaaqudgha.
  5321 | D:7      | Noticed a four-headed hydra
  5322 | D:7      | Noticed a two-headed ogre
  5322 | D:7      | Noticed a boulder beetle
  5322 | D:7      | Noticed a manticore
  5340 | D:7      | Killed a four-headed hydra
  5341 | D:7      | Reached skill level 12 in Fighting
  5345 | D:7      | Killed a two-headed ogre
  5345 | D:7      | Reached *** piety under Okawaru
  5346 | D:7      | Reached skill level 13 in Fighting
  5346 | D:7      | Reached XP level 9. HP: 26/68 MP: 7/9
  5346 | D:7      | HP: 2/68 [manticore (11)]
  5346 | D:7      | Slain by a manticore

Illustrated notes

Levels and vault maps discovered:
D:1:      psy_arrival_conway, layout_loops_cross,
          dreamdust_ecumenical_altar_statues, nicolae_shop_vocational
D:2:      layout_loops_ring
D:3:      layout_loops_corners
D:4:      layout_cave_pods, kennysheep_doodads, uniq_pargi
D:5:      layout_loops_ring, temple_pool_b, portal_sewer_entry_e,
          minmay_crystal_room
D:6:      layout_cave_pools, mainiacjoe_overflow_brackets
D:7:      minmay_blocky_corners, layout_loops_ring, tgw_xom,
          amcnicky_altar_gilded, due_unseen_surprise
Temple:   bh_familiar_temple

Skill      XL: |  1  2  3  4  5  6  7  8 |
---------------+-------------------------+-----
Fighting       | 4 5 6 7 8 10 13 | 13.4
Maces & Flails | |  2.0
Armour         | |  3.2
Shields        | |  3.2

Action                   |  1- 3 |  4- 6 |  7- 9 || total
-------------------------+-------+-------+-------++-------
Melee: Flail             |    98 |   160 |    94 ||   352
Invok: Heroism           |       |       |     1 ||     1
  Use: Scroll            |     1 |    14 |     3 ||    18
       Potion            |       |     1 |     1 ||     2
Armor: Scale mail        |    65 |    54 |       ||   119
       Plate armour      |       |    66 |    81 ||   147
Dodge: Dodged            |    69 |    55 |    33 ||   157
Block: Buckler           |    20 |    29 |    26 ||    75

Table legend: (Time is in decaauts)
 A = Elapsed time spent in this place.
 B = Non-inter-level travel time spent in this place.
 C = Inter-level travel time spent in this place.
 D = Time resting spent in this place.
 E = Time spent auto-exploring this place.
 F = Levels seen in this place.
 G = Mean time per level.
                   A        B        C        D        E       F      G
               +--------+--------+--------+--------+--------+-----+--------+
         Total |   5474 |   5011 |    463 |      0 |   4092 |   9 |  608.2 |
       Dungeon |   5249 |   4809 |    440 |      0 |   3977 |   7 |  749.9 |
        Temple |     46 |     23 |     23 |      0 |     19 |   1 |   46.0 |
         Sewer |    178 |    178 |      0 |      0 |     96 |   1 |  178.0 |
               +--------+--------+--------+--------+--------+-----+--------+

Top non-repeatable levels by time:
     D:4: 1247 daAuts
     D:3: 967 daAuts
     D:1: 844 daAuts
     D:5: 763 daAuts
     D:2: 684 daAuts
     D:6: 523 daAuts
     D:7: 218 daAuts
   Sewer: 178 daAuts
  Temple: 46 daAuts
